 Dungeon Crawl Stone Soup version 0.30-a0-948-g4fa250aae5 (webtiles) character file.

Game seed: 5570816824833285850

16531 voltaire321 the Demolition Demonspawn (level 12, 0/92 HPs)
             Began as a Demonspawn Artificer on Mar 26, 2023.
             Was an Elder of Makhleb.
             Slain by a death yak (10 damage)
             ... on level 3 of the Lair of Beasts.
             The game lasted 00:37:48 (10536 turns).

voltaire321 the Demolition Demonspawn (DsAr)       Turns: 10536, Time: 00:37:48

Health: 0/92       AC: 14    Str: 27    XL:     12   Next: 10%
Magic:  19/19      EV: 21    Int: 13    God:    Makhleb [****..]
Gold:   363        SH:  0    Dex: 20    Spells: 14/17 levels left

rFire   . . .      SeeInvis .    N - +3 executioner's axe of Liudisog {drain, rElec rN+}
rCold   . . .      Faith    .    (shield currently unavailable)
rNeg    + . .      Spirit   .    C - +0 ring mail of Pusolad {rElec Str+3 Dex+7 Stlth-}
rPois   .          Reflect  .    g - +2 hat
rElec   +          Rampage  .    j - +1 cloak
rCorr   .                        (no gloves)
Will    .....                    p - +0 pair of boots Stlth
                                 I - amulet of regeneration
HPRegen 1.15/turn                r - +5 ring of evasion
MPRegen 0.16/turn                U - +6 ring of strength

@: no status effects
A: claws 1, powered by death 2, sharp scales 2, demonic magic 2
a: Renounce Religion, Minor Destruction, Lesser Servant of Makhleb, Major
Destruction


You were on level 3 of the Lair of Beasts.
You worshipped Makhleb.
Makhleb was greatly pleased with you.
You visited 2 branches of the dungeon, and saw 13 of its levels.
You also visited: Sewer.

You collected 798 gold pieces.
You spent 435 gold pieces at shops.

Inventory:

Hand Weapons
 k - a +6 hand axe
 u - a +5 dire flail of draining
 N - the +3 executioner's axe of Liudisog (weapon) {drain, rElec rN+}
   (You bought it in a shop on level 3 of the Dungeon)

   rElec:     It insulates you from electricity.
   rN:        It protects you from negative energy.
Missiles
 n - 17 poisoned darts (quivered)
Armour
 g - a +2 hat (worn)
 j - a +1 cloak (worn)
 p - a +0 pair of boots (worn)
 C - the +0 ring mail of Pusolad (worn) {rElec Str+3 Dex+7 Stlth-}
   (You found it on level 5 of the Dungeon)

   Str:       It affects your strength (+3).
   Dex:       It affects your dexterity (+7).
   rElec:     It insulates you from electricity.
   Stlth:     It makes you less stealthy.
 E - a +2 leather armour of fire resistance
 P - +0 acid dragon scales
Jewellery
 o - a ring of ice
 r - a +5 ring of evasion (left claw)
 v - an amulet of the acrobat
 z - a ring of resist corrosion
 I - an amulet of regeneration (around neck)
 Q - a ring of see invisible
 S - a ring of wizardry
 U - a +6 ring of strength (right claw)
Wands
 c - a wand of flame (25)
 d - a wand of charming (15)
 y - a wand of iceblast (6)
 J - a wand of digging (5)
 T - a wand of mindburst (6)
 V - a wand of quicksilver (2)
Scrolls
 a - 3 scrolls of fear
 b - 2 scrolls of amnesia {unknown}
 f - 2 scrolls of magic mapping
 h - 6 scrolls of identify
 l - 2 scrolls of blinking
 s - 2 scrolls of vulnerability {unknown}
 w - a scroll of butterflies {unknown}
 B - 3 scrolls of enchant armour
 D - 3 scrolls of silence {unknown}
 F - 6 scrolls of teleportation
 G - 2 scrolls of poison {unknown}
Potions
 e - 3 potions of haste
 i - 4 potions of curing
 m - 2 potions of mutation {unknown}
 q - 2 potions of cancellation
 t - a potion of ambrosia
 x - 3 potions of lignification {unknown}
 A - 2 potions of attraction {unknown}
 H - 3 potions of might
 K - a potion of resistance
 L - 2 potions of berserk rage {unknown}
 M - a potion of magic {unknown}
 R - 2 potions of brilliance {unknown}
Miscellaneous
 O - a piece from Xom's chessboard (15/15)


   Skills:
 + Level 8.0 Fighting
 * Level 7.4 Axes
 + Level 7.4 Armour
 + Level 7.4 Dodging
 - Level 1.2 Stealth
 - Level 3.0 Spellcasting
 + Level 3.0 Ice Magic
 + Level 9.5 Invocations
 + Level 8.7 Evocations


You had 14 spell levels left.
You knew the following spells:

 Your Spells              Type           Power      Damage    Failure   Level
a - Frozen Ramparts       Ice            18%        1d3       28%         3

Your spell library contained the following spells:

 Spells                   Type           Power      Damage    Failure   Level
 Freeze                   Ice            36%        1d5       10%         1
 Ozocubu's Armour         Ice            9%         N/A       28%         3
 Magic Dart               Conj           4%         1d3       32%         1
 Call Imp                 Summ           1%         N/A       43%         2
 Poisonous Vapours        Pois/Air       2%         N/A       43%         2
 Static Discharge         Conj/Air       2%         2-3/arc   43%         2
 Hailstorm                Conj/Ice       5%         3d4       45%         3
 Ignite Poison            Fire/Tmut/Pois 1%         N/A       67%         3
 Inner Flame              Hex/Fire       1%         N/A       67%         3
 Mephitic Cloud           Conj/Pois/Air  1%         N/A       67%         3
 Vhi's Electric Charge    Tloc/Air       2%         N/A       67%         3
 Cause Fear               Hex            0%         N/A       97%         4
 Sticky Flame             Conj/Fire      1%         2d3       97%         4
 Arcjolt                  Conj/Air       0%         1d10      100%        5
 Plasma Beam              Fire/Air       0%         2x1d11    100%        5
 Ozocubu's Refrigeration  Ice            4%         4d8       100%        7
 Discord                  Hex            0%         N/A       100%        8
 Ignition                 Fire           0%         3d3       100%        8
 Maxwell's Capacitive Co  Air            0%         ∞         100%        8


Dungeon Overview and Level Annotations

Branches:
Dungeon (10/15)            Temple (0/1) D:5            Lair (3/5) D:10
  Snake (0/4) Lair:2        Sewer (visited)
  Swamp: Lair:2-3    Shoals: Lair:2-3       Orc: D:9-12

Altars:
Ashenzari
Cheibriados
Gozag
Makhleb
Nemelex Xobeh
Ru
Sif Muna
Vehumet
Xom

Shops:
D:3 *   D:5 ?   D:8 (*   D:9 [

Annotations:
D:4 2 transporters, pokeman's ghost, novice DEHW


Innate Abilities, Weirdness & Mutations

You have sharp fingernails.
You regenerate health from kills.
You are mostly covered in razor-sharp scales. (AC +2, Slay +2)
Spells you cast may paralyse nearby enemies.


Message History

Your ynoxinul hits the death yak! You slash the death yak!
The death yak is severely wounded.
You slash the death yak! You drain the death yak.
Your ufetubus completely misses the death yak.
Your ufetubus hits the death yak. The death yak misses you.
The death yak closely misses your ufetubus.
Your ufetubus barely misses the death yak.
Your ufetubus hits the death yak but does no damage.
Your ynoxinul hits the death yak but does no damage.
The death yak gores you!
You slice the death yak!! You drain the death yak.
The death yak is moderately wounded.
You hit the death yak but do no damage. Your ufetubus hits the death yak.
Your ufetubus hits the death yak but does no damage.
Your ufetubus hits the death yak.
Your ufetubus hits the death yak but does no damage.
Your ynoxinul barely misses the death yak.
The death yak gores your ufetubus!!
Your ufetubus dies!
Your ufetubus disappears in a puff of smoke!
Your ufetubus closely misses the death yak.
Your ufetubus hits the death yak but does no damage.
Your ynoxinul hits the death yak but does no damage.
You slash the death yak!
The death yak is heavily wounded.
You hit the death yak but do no damage. You drain the death yak.
Your ufetubus barely misses the death yak.
Your ufetubus hits the death yak but does no damage. x2
Your ufetubus hits the death yak. The death yak misses you.
The death yak gores you!
* * * LOW HITPOINT WARNING * * *
The death yak closely misses your ynoxinul.
Your ufetubus hits the death yak.
Your ufetubus hits the death yak but does no damage. x3
Your ynoxinul gestures.
The death yak misses your ynoxinul. The death yak gores you!
* * * LOW HITPOINT WARNING * * *
The death yak gores you!
You die...

#.................. ###
##..........##.#....
#..##...........###...#
.............###.##†..#
.........#.......†....#
......................#
..)....55....P..#†...##
......55..5..##.......##
......Y@3Y.............#
......YY##.............#
........#.#...###....P.#
..#....#.<......#.......
....... ......[..##.....
.P....P ..~..#..<......P
##..P.# #.~~##..#..##P.#
#.... .#~S~#.#### ...
....#. ..~~~.. ..#


You could see 4 death yaks, a friendly ynoxinul (summoned) and 5 friendly
ufetubi.

Vanquished Creatures
  A hydra (Lair:2)
  Erica (D:8)
  2 lindwurms (Lair:1)
  A black mamba (Lair:2)
  2 gargoyles (D:10)
  Joseph (D:8)
  4 cane toads (Lair:2)
  A rime drake (Lair:1)
  3 komodo dragons
  4 trolls
  A polar bear (Lair:2)
  5 blink frogs (Lair:3)
  Sigmund (D:2)
  3 wyverns
  6 yaks (Lair:2)
  A basilisk (Lair:1)
  A steam dragon (D:6)
  Menkaure (D:5)
  2 nagas (Lair:2)
  2 acid dragons
  5 water moccasins
  3 orc warriors (D:8)
  Pargi (Sewer)
  2 sky beasts (D:8)
  2 ogres (D:5)
  3 black bears
  3 boggarts (D:10)
  21 wolves
  2 centaurs
  A phantom (D:4)
  A kobold brigand (D:8)
  6 bullfrogs
  4 scorpions
  9 wights
  Dowan (D:5)
  3 killer bees
  6 howler monkeys
  3 jellies
  4 orc priests
  3 hounds (D:5)
  2 gnoll boudas
  4 iguanas
  5 orc wizards
  6 adders
  5 gnolls
  A river rat (D:4)
  A shadow imp (D:8)
  4 white imps
  2 ufetubi (D:7)
  A worm (D:4)
  A dart slug (D:1)
  32 orcs
  8 endoplasms
  4 giant cockroaches
  4 goblins
  2 hobgoblins
  12 jackals
  9 kobolds
  4 quokkas
  7 ball pythons
  3 bats (D:1)
  11 frilled lizards
  5 rats
  2 butterflies (D:9)
261 creatures vanquished.

Vanquished Creatures (collateral kills)
  A death yak (Lair:3)
  Duvessa (D:6)
  A white imp (D:6)
3 creatures vanquished.

Vanquished Creatures (others)
  An ogre (D:4)
  A boggart (D:10)
  4 fungi
  27 plants
33 creatures vanquished.

Grand Total: 297 creatures vanquished

Notes
Turn   | Place    | Note
-------+----------+-------------------------------------------
     0 | D:1      | voltaire321 the Demonspawn Artificer began the quest for
                  | the Orb.
     0 | D:1      | Reached XP level 1. HP: 15/15 MP: 1/1
    40 | D:1      | Reached skill level 1 in Dodging
    40 | D:1      | Reached skill level 1 in Stealth
   100 | D:1      | Gained mutation: You are partially covered in razor-sharp
                  | scales. (AC +1, Slay +1) [demonic ancestry]
   100 | D:1      | Reached XP level 2. HP: 21/21 MP: 2/2
   807 | D:2      | Gained mutation: You are mostly covered in razor-sharp
                  | scales. (AC +2, Slay +2) [demonic ancestry]
   807 | D:2      | Reached XP level 3. HP: 25/26 MP: 3/3
  1004 | D:2      | Noticed Sigmund
  1007 | D:2      | Killed Sigmund
  1008 | D:2      | Reached XP level 4. HP: 27/34 MP: 4/4
  1008 | D:2      | Gained mutation: You regenerate a little health from kills.
                  | [demonic ancestry]
  1008 | D:2      | Reached XP level 5. HP: 31/39 MP: 5/5
  1782 | D:3      | Found Juwicushum's Assorted Antiques.
  1807 | D:3      | Found a burning altar of Makhleb.
  1812 | D:3      | Noticed an angel
  1828 | D:3      | Noticed a balrug
  1936 | D:3      | Found a broken altar of Ashenzari.
  2188 | D:3      | Found a sparkling altar of Nemelex Xobeh.
  2253 | D:3      | Became a worshipper of Makhleb the Destroyer
  2406 | D:4      | Found a glowing drain.
  2454 | Sewer    | Entered a sewer
  2478 | Sewer    | Noticed Pargi
  2482 | Sewer    | Killed Pargi
  2483 | Sewer    | Reached skill level 1 in Invocations
  2483 | Sewer    | Gained mutation: You regenerate health from kills. [demonic
                  | ancestry]
  2483 | Sewer    | Reached XP level 6. HP: 47/47 MP: 6/6
  2749 | D:4      | Found a transporter.
  2749 | D:4      | Noticed pokeman's ghost (novice DEHW)
  2751 | D:4      | Identified the +4 great mace of the Hairy God {freeze, Fly
                  | rF- Int+6 Dex-4}
  3053 | D:4      | Reached * piety under Makhleb
  3105 | D:4      | Found a transporter.
  3264 | D:5      | Entered Level 5 of the Dungeon
  3324 | D:5      | Identified the +0 ring mail of Pusolad {rElec Str+3 Dex+7
                  | Stlth-}
  3352 | D:5      | Found a shimmering blue altar of Sif Muna.
  3377 | D:5      | Reached skill level 2 in Invocations
  3430 | D:5      | Found a radiant altar of Vehumet.
  3477 | D:5      | Gained mutation: Spells you cast may paralyse adjacent
                  | enemies. [demonic ancestry]
  3477 | D:5      | Reached XP level 7. HP: 41/52 MP: 8/8
  3521 | D:5      | Reached skill level 1 in Axes
  3597 | D:5      | Reached skill level 3 in Invocations
  3615 | D:5      | Noticed Menkaure
  3616 | D:5      | Found Keemorch's Magic Scroll Boutique.
  3698 | D:5      | Reached skill level 5 in Evocations
  3832 | D:5      | Killed Menkaure
  3833 | D:5      | Reached XP level 8. HP: 31/60 MP: 10/10
  4123 | D:5      | Reached skill level 4 in Invocations
  4172 | D:5      | Found a staircase to the Ecumenical Temple.
  4302 | D:6      | Noticed Duvessa
  4306 | D:6      | Reached ** piety under Makhleb
  4306 | D:6      | Noticed Dowan
  4340 | D:6      | Killed Duvessa
  4354 | D:5      | Killed Dowan
  4542 | D:6      | Reached skill level 5 in Fighting
  4542 | D:6      | Reached skill level 5 in Invocations
  4730 | D:6      | Learned a level 3 spell: Frozen Ramparts
  4782 | D:6      | Gained mutation: You have sharp fingernails. [demonic
                  | ancestry]
  4782 | D:6      | Reached XP level 9. HP: 63/67 MP: 12/12
  5341 | D:7      | Reached skill level 5 in Armour
  5395 | D:7      | Reached skill level 1 in Spellcasting
  5836 | D:7      | Found an opulent altar of Gozag.
  5838 | D:7      | Found a sacrificial altar of Ru.
  5838 | D:7      | Found a snail-covered altar of Cheibriados.
  6127 | D:8      | Found Kepuekom's Lightly-Used Armoury.
  6162 | D:8      | Reached skill level 5 in Dodging
  6281 | D:8      | Noticed Erica
  6316 | D:8      | Reached skill level 6 in Invocations
  6525 | D:8      | Noticed Joseph
  6536 | D:8      | Killed Joseph
  6580 | D:8      | Reached *** piety under Makhleb
  6676 | D:8      | Reached XP level 10. HP: 60/76 MP: 14/14
  6709 | D:8      | Found Upeiggucs's Weapon Boutique.
  6724 | D:8      | Killed Erica
  7120 | D:9      | Reached skill level 7 in Invocations
  7139 | D:9      | Found Jyzeny's Antique Armour Boutique.
  7514 | D:3      | Bought an ichor-stained executioner's axe for 435 gold
                  | pieces
  7514 | D:3      | Identified the +3 executioner's axe of Liudisog {drain,
                  | rElec rN+} (You bought it in a shop on level 3 of the
                  | Dungeon)
  7790 | D:9      | Found a shimmering altar of Xom.
  8048 | D:10     | Entered Level 10 of the Dungeon
  8134 | D:10     | Found a staircase to the Lair.
  8149 | D:10     | HP: 1/77 [komodo dragon (23)]
  8153 | D:10     | Reached skill level 5 in Axes
  8225 | D:10     | Noticed a gargoyle
  8235 | D:10     | Killed a gargoyle
  8334 | D:10     | Noticed a two-headed ogre
  8351 | D:10     | Noticed a two-headed ogre
  8824 | D:10     | Noticed a gargoyle
  8838 | D:10     | Killed a gargoyle
  8839 | D:10     | Reached skill level 8 in Invocations
  8954 | Lair:1   | Entered Level 1 of the Lair of Beasts
  8965 | Lair:1   | Gained mutation: Spells you cast may paralyse nearby
                  | enemies. [demonic ancestry]
  8965 | Lair:1   | Reached XP level 11. HP: 84/84 MP: 17/17
  8998 | Lair:1   | Noticed a lindwurm
  9001 | Lair:1   | Reached **** piety under Makhleb
  9005 | Lair:1   | Noticed a lindwurm
  9015 | Lair:1   | Killed a lindwurm
  9016 | Lair:1   | Reached skill level 1 in Ice Magic
  9021 | Lair:1   | Killed a lindwurm
  9176 | Lair:1   | Identified the +0 robe "Ywnangoe" {rPois Dex+4}
  9703 | Lair:2   | Reached skill level 9 in Invocations
  9850 | Lair:2   | Found a staircase to the Snake Pit.
 10225 | Lair:2   | Noticed a five-headed hydra
 10249 | Lair:2   | Killed a five-headed hydra
 10265 | Lair:2   | Got the Omnibus of the Kindled Assassin
 10488 | Lair:3   | Reached XP level 12. HP: 77/92 MP: 17/19
 10518 | Lair:3   | Noticed a death yak
 10518 | Lair:3   | Noticed a death yak
 10527 | Lair:3   | Noticed a death yak
 10528 | Lair:3   | Noticed a death yak
 10529 | Lair:3   | Killed a death yak
 10530 | Lair:3   | Noticed a death yak
 10536 | Lair:3   | Slain by a death yak

Illustrated notes

Levels and vault maps discovered:
D:1:      minmay_arrival_open_corners, layout_rooms, dk_noncrumbling_2
D:2:      layout_basic, chequers_serial_rivers_micro_c, grunt_ministairs_11,
          uniq_sigmund
D:3:      layout_loops_ring, nemelex_xobeh_ov_fountains_minmay,
          mainiacjoe_overflow_tiny_flanked,
          grunt_temple_overflow_order_and_chaos_2, serial_shops, shop_fountains
D:4:      layout_loops_cross, gammafunk_ghost_smash, portal_sewer_entry_a
D:5:      layout_rooms, nicolae_overflow_crystal_walls,
          nicolae_sif_muna_little_library, minmay_temple_entry_poolview,
          serial_shops, shop, hangedman_minor_gate_pass, uniq_menkaure
D:6:      layout_cave_pools, uniq_duvessa
D:7:      layout_loops_ring, minitemple
D:8:      kennysheep_ambush_hall, layout_basic, serial_shops, kennysheep_mini,
          minmay_shop_damaged, uniq_erica, uniq_joseph
D:9:      layout_roguey, mainiacjoe_overflow_chevrons, xom_butterflies,
          serial_shops, nicolae_diamond_shop, corexii_leaking_fountain
D:10:     layout_irregular_city, david_lair_shrubbed
Lair:1:   layout_roguey, nicolae_lair_lindhole
Lair:2:   cheibrodos_lair_river_kwai, layout_loops_ring,
          guppyfry_snake_entry_garden, serial_bayou_shore_b, lemuel_fruit_fields
Lair:3:   dragon1_lemuel, layout_gridlike, swamp_mist_pool,
          nicolae_volcano_entry_lava_flow, serial_bayou_shore_b

Skill      XL: |  1  2  3  4  5  6  7  8  9 10 11 12 |
---------------+-------------------------------------+-----
Dodging        | 1 2 3 4 5 6 7 |  7.4
Stealth        | 1 |  1.2
Armour         | 2 3 4 5 6 7 |  7.4
Fighting       | 2 3 4 5 6 7 8 |  8.0
Evocations     | 4 5 6 7 8 |  8.7
Invocations    | 1 2 3 5 6 8 9 |  9.5
Axes           | 2 3 4 5 7 |  7.4
Spellcasting   | 2 3 |  3.0
Ice Magic      | 2 3 |  3.0

Action                     |  1- 3 |  4- 6 |  7- 9 | 10-12 || total
---------------------------+-------+-------+-------+-------++-------
  Melee: Club              |    24 |       |       |       ||    24
         Short sword       |    72 |    70 |       |       ||   142
         Whip              |       |   116 |   184 |       ||   300
         Punch             |       |       |     3 |       ||     3
         Dire flail        |       |       |   177 |    60 ||   237
         Executioner's axe |       |       |       |   257 ||   257
  Throw: Dart              |       |     4 |    23 |     9 ||    36
 Invoke: Minor Destruction |       |       |     5 |       ||     5
         Lesser Servant of |       |       |       |     1 ||     1
         Major Destruction |       |       |       |     1 ||     1
  Evoke: Wand              |     3 |     5 |    17 |       ||    25
    Use: Scroll            |       |     4 |    16 |     2 ||    22
         Potion            |       |       |     4 |     3 ||     7
   Stab: Sleeping          |     1 |       |       |       ||     1
 Armour: Leather armour    |    43 |       |       |       ||    43
         Ring mail         |     3 |    49 |   121 |   180 ||   353
  Dodge: Dodged            |    64 |   133 |   440 |   680 ||  1317

Table legend: (Time is in decaauts)
 A = Elapsed time spent in this place.
 B = Non-inter-level travel time spent in this place.
 C = Inter-level travel time spent in this place.
 D = Time resting spent in this place.
 E = Time spent auto-exploring this place.
 F = Levels seen in this place.
 G = Mean time per level.
                   A        B        C        D        E       F      G
               +--------+--------+--------+--------+--------+-----+--------+
         Total |  10806 |   9954 |    852 |    980 |   5842 |  14 |  771.9 |
       Dungeon |   8916 |   8158 |    758 |    980 |   4693 |  10 |  891.6 |
          Lair |   1682 |   1588 |     94 |      0 |   1080 |   3 |  560.7 |
         Sewer |    207 |    207 |      0 |      0 |     67 |   1 |  207.0 |
               +--------+--------+--------+--------+--------+-----+--------+

Top non-repeatable levels by time:
     D:5: 1191 daAuts
     D:3: 1056 daAuts
  Lair:2: 1026 daAuts
     D:8: 972 daAuts
    D:10: 961 daAuts
     D:6: 865 daAuts
     D:7: 846 daAuts
     D:4: 805 daAuts
     D:9: 798 daAuts
     D:2: 790 daAuts
     D:1: 627 daAuts
  Lair:1: 580 daAuts
   Sewer: 207 daAuts
  Lair:3: 75 daAuts
